 Dungeon Crawl Stone Soup version 0.23.2-30-g0e89c35649 (webtiles) character file.

Game seed: 18130389088620946891

59308 Gonra the Fighter (level 14, -10/133 HPs)
             Began as a Minotaur Berserker on June 12, 2019.
             Was a High Priest of Trog.
             Killed from afar by a shock serpent (25 damage)
             ... with a bolt of electricity
             ... on level 2 of the Snake Pit.
             The game lasted 01:03:27 (12841 turns).

Gonra the Fighter (Minotaur Berserker)             Turns: 12841, Time: 01:03:28

Health: -10/133    AC: 30    Str: 33    XL:     14   Next: 52%
Magic:  20/20      EV:  8    Int:  0    God:    Trog [*****.]
Gold:   1280       SH: 15    Dex: 11    Spells: 13/13 levels left

rFire    x . .     SeeInvis .   E - +9 rapier of Okawaru's Benevolence {pierce, rPois rF- Str+7 Int-2}
rCold    . . .     Gourm    .   C - +0 shield
rNeg     . . .     Faith    .   p - +2 plate armour
rPois    +         Spirit   .   x - +2 hat
rElec    .         Reflect  +   i - +2 cloak
rCorr    .         Harm     .   Q - +2 pair of gloves
MR       +....     Rnd*Tele +   u - +0 pair of boots
Stlth    ..........             e - +2 amulet of reflection
HPRegen  0.32/turn              N - +3 ring of protection
MPRegen  0.17/turn              M - ring of poison resistance

@: slowed, lost intelligence, very slow
A: retaliatory headbutt, horns 2, dopey 1, teleportitis 1, MP-powered wands
a: Berserk, Trog's Hand, Brothers in Arms, Renounce Religion


You were on level 2 of the Snake Pit.
You worshipped Trog.
Trog was extremely pleased with you.
You were hungry.

You visited 3 branches of the dungeon, and saw 19 of its levels.
You also visited: Sewer and Ossuary.

You collected 1338 gold pieces.
You spent 58 gold pieces at shops.

Inventory:

Hand Weapons
 E - the +9 rapier of Okawaru's Benevolence (weapon) {pierce, rPois rF- Str+7 Int-2}
   (You found it on level 5 of the Dungeon)

   It inflicts extra damage upon your enemies.
   It affects your strength (+7).
   It affects your intelligence (-2).
   It makes you vulnerable to fire.
   It protects you from poison.
 S - the +7 flail "Goppaul" {chaos, +Rage rElec Str+3}
   (You found it on level 10 of the Dungeon)

   Each time it hits an enemy it has a different, random effect.
   It affects your strength (+3).
   It insulates you from electricity.
   It lets you go berserk.
Missiles
 h - 32 tomahawks (quivered)
Armour
 i - a +2 cloak (worn)
 p - a +2 plate armour (worn)
 u - a +0 pair of boots (worn)
 x - a +2 hat (worn)
 C - a +0 shield (worn)
 F - +0 fire dragon scales
 Q - a +2 pair of gloves (worn)
Jewellery
 a - an uncursed amulet of faith
 e - a +2 amulet of reflection (around neck)
 f - a cursed ring of teleportation
 y - an uncursed ring of see invisible
 M - a ring of poison resistance (right hand)
 N - a +3 ring of protection (left hand)
 P - an uncursed amulet of rage {unknown}
 X - an uncursed ring of protection from magic {unknown}
Wands
 d - a wand of iceblast (15)
 w - a wand of random effects (48)
 K - a wand of paralysis (16)
 O - a wand of enslavement (6)
 T - a wand of disintegration (10)
 W - a wand of acid (1)
Scrolls
 g - 17 scrolls of teleportation
 k - 9 scrolls of remove curse
 l - 17 scrolls of identify
 m - a scroll of enchant armour
 q - 3 scrolls of immolation
 r - 2 scrolls of enchant weapon
 I - 3 scrolls of noise
 J - 2 scrolls of blinking
 L - 2 scrolls of fear
 V - a scroll of vulnerability {unknown}
 Y - 2 scrolls of silence {unknown}
Potions
 j - a potion of cancellation
 n - 5 potions of might {unknown}
 o - 3 potions of haste
 s - 4 potions of ambrosia
 t - 2 potions of heal wounds
 v - 4 potions of flight
 z - 3 potions of invisibility {unknown}
 A - 3 potions of degeneration
 B - 5 potions of curing
 D - 2 potions of mutation
 G - 2 potions of lignification {unknown}
 H - 3 potions of brilliance
Comestibles
 c - 32 rations


   Skills:
 + Level 14.5 Fighting
 - Level 13.7 Short Blades
   Level 7.5(8.8) Axes
 - Level 3.2(5.7) Maces & Flails
   Level 6.0(7.7) Polearms
 - Level 10.4 Armour
 - Level 2.1 Dodging
 - Level 10.0 Shields
 - Level 6.0 Unarmed Combat
 - Level 10.3 Evocations


You had 13 spell levels left.
You didn't know any spells.
Your spell library was empty.

Dungeon Overview and Level Annotations

Branches:
Dungeon (11/15)            Temple (0/1) D:7            Lair (6/6) D:11
 Shoals (0/4) Lair:2        Snake (2/4) Lair:2
  Slime: Lair:5-6       Orc: D:9-12

Altars:
Ashenzari
Cheibriados
Elyvilon
Hepliaklqana
Nemelex Xobeh
Qazlal
Sif Muna
Uskayaw
Zin

Shops:
D:4 =   Snake:2 (

Annotations:
Lair:4 exclusion: 2 oklob plants


Innate Abilities, Weirdness & Mutations

You reflexively headbutt those who attack you in melee.
You have a pair of horns on your head.
You are dopey. (Int -2)
You are occasionally teleported next to monsters.
You expend magic power (3 MP) to strengthen your wands.


Message History

* * * LOW HITPOINT WARNING * * *
You block the shock serpent's attack. The shock serpent misses you.
Found 6 curare-tipped needles.
Found Juyxu's Weapon Boutique.
There is a stone staircase leading up, spattered with blood here.
You impale the shock serpent!!
The shock serpent is heavily wounded.
The shock serpent's electric aura discharges violently, shocking you!
* * * LOW HITPOINT WARNING * * *
You block the shock serpent's attack.
You closely miss the shock serpent. You headbutt the shock serpent.
The shock serpent is heavily wounded.
You block the shock serpent's attack.
You barely miss the shock serpent. Your headbutt misses the shock serpent.
The shock serpent is heavily wounded.
You block the shock serpent's attack.
You closely miss the shock serpent.
The shock serpent is heavily wounded.
The shock serpent shoots out a bolt of lightning at you!
The bolt of electricity hits you!!
You die...

#.....#
#.....#
#.(...#
#.....#
#.....#
+.....#
#...S.#
#....@#
#..∩..#
#######
# # #
#. N. #


You could see a shock serpent.

Vanquished Creatures
  2 entropy weavers (Lair:6)
  Snorg (Lair:3)
  A fire dragon (Lair:1)
  A naga warrior (Snake:1)
  5 hydras
  2 catoblepae (Lair:6)
  A two-headed ogre (D:8)
  An anaconda (Snake:1)
  A deep troll shaman (Lair:6)
  13 death yaks
  2 shock serpents
  A naga sharpshooter (Snake:2)
  An orc knight (D:11)
  2 lindwurms
  Pikel (D:5)
  An ugly thing (D:11)
  2 merfolk sirens (Lair:2)
  A salamander (Snake:1)
  Joseph (D:9)
  7 black mambas
  14 elephants
  A naga mage (Snake:1)
  9 spiny frogs
  6 komodo dragons
  2 merfolk (Lair:2)
  4 trolls
  4 hippogriffs
  22 blink frogs
  A wyvern (D:8)
  A vampire (D:11)
  2 basilisks
  24 yaks
  3 fire bats (Lair:3)
  A hungry ghost (D:10)
  Grum (Lair:1)
  5 nagas
  13 soldier ants (Lair:6)
  5 porcupines
  8 water moccasins
  4 orc warriors
  4 black bears
  An eye of draining (D:11)
  2 phantoms
  2 sky beasts
  A slave (D:5)
  4 ice beasts
  9 ogres
  10 wolves
  7 centaurs
  7 crocodiles
  16 bullfrogs
  A water moccasin zombie (D:6)
  A wyvern zombie (D:10)
  A wyvern skeleton (D:10)
  5 scorpions
  3 electric eels (Lair:2)
  13 wights
  A crimson imp (D:5)
  7 howler monkeys
  2 centaur zombies (D:10)
  2 quasits
  A centaur skeleton (D:6)
  7 hounds
  7 orc priests
  4 iguanas
  Natasha (thrice) (D:2)
  10 orc wizards
  19 worker ants
  A hound skeleton (D:5)
  2 mummies (Ossuary)
  4 gnolls (D:4)
  5 worker ant zombies
  2 howler monkey skeletons
  14 adders
  A shadow imp (D:10)
  3 oozes
  6 adder zombies (Ossuary)
  2 adder skeletons
  6 worms
  2 dart slugs
  8 leopard geckos
  35 orcs
  5 giant cockroaches
  A gnoll zombie (Ossuary)
  6 goblins
  4 hobgoblins
  12 jackals
  4 kobolds
  3 quokkas
  3 ball pythons
  11 bats
  2 frilled lizards
  2 goblin zombies (D:5)
  5 hobgoblin zombies (Ossuary)
  7 kobold zombies (Ossuary)
  A leopard gecko zombie (D:6)
  2 orc zombies (Ossuary)
  A quokka skeleton (D:5)
  A quokka zombie (D:9)
  5 rats
493 creatures vanquished.

Vanquished Creatures (collateral kills)
  A naga warrior (Snake:1)
  A queen ant (Lair:6)
  A naga mage (Snake:1)
  2 nagas (Snake:1)
  5 soldier ants (Lair:6)
10 creatures vanquished.

Vanquished Creatures (others)
  A centaur (Lair:3)
  4 plants
5 creatures vanquished.

Grand Total: 508 creatures vanquished

Notes
Turn   | Place    | Note
-------+----------+-------------------------------------------
     0 | D:1      | Gonra the Minotaur Berserker began the quest for the Orb.
     0 | D:1      | Reached XP level 1. HP: 19/19 MP: 0/0
   116 | D:1      | Reached XP level 2. HP: 20/26 MP: 1/1
   758 | D:2      | Reached skill level 5 in Axes
   789 | D:2      | Noticed Natasha
   792 | D:2      | Killed Natasha
   792 | D:2      | Reached skill level 4 in Fighting
   792 | D:2      | Reached XP level 3. HP: 34/34 MP: 2/2
   811 | D:2      | Noticed Natasha
   822 | D:2      | Killed Natasha
   822 | D:2      | Reached XP level 4. HP: 15/41 MP: 3/3
   885 | D:2      | Reached skill level 5 in Fighting
  1190 | D:2      | Noticed Natasha
  1196 | D:2      | Killed Natasha
  1218 | D:2      | Reached ** piety under Trog
  1429 | D:2      | Reached XP level 5. HP: 48/48 MP: 4/4
  1580 | D:3      | Found a white marble altar of Elyvilon.
  2160 | D:3      | Reached skill level 5 in Armour
  2244 | D:3      | Found a sparkling altar of Nemelex Xobeh.
  2271 | D:4      | Noticed an ogre
  2278 | D:4      | Killed an ogre
  2278 | D:4      | Reached XP level 6. HP: 23/56 MP: 5/5
  2321 | D:4      | Found a snail-covered altar of Cheibriados.
  2343 | D:4      | Found Quof's Jewellery Shoppe.
  2357 | D:4      | Reached skill level 1 in Polearms
  2378 | D:4      | Bought a cursed ring of teleportation for 58 gold pieces
  2487 | D:4      | Found a hide-covered altar of Uskayaw.
  2561 | D:4      | Found a deep blue altar of Sif Muna.
  2617 | D:4      | Found a hazy altar of Hepliaklqana.
  2712 | D:4      | Found a glowing drain.
  2725 | Sewer    | Entered a sewer
  2814 | Sewer    | Reached XP level 7. HP: 61/61 MP: 6/6
  3044 | D:5      | Entered Level 5 of the Dungeon
  3170 | D:5      | Reached *** piety under Trog
  3210 | D:5      | Got a crude rapier
  3211 | D:5      | Identified the +9 rapier of Okawaru's Benevolence {pierce,
                  | rPois rF- Str+7 Int-2} (You found it on level 5 of the
                  | Dungeon)
  3271 | D:5      | Found a shattered altar of Ashenzari.
  3397 | D:5      | Reached skill level 1 in Short Blades
  3418 | D:5      | Reached XP level 8. HP: 68/68 MP: 7/7
  3420 | D:5      | Found a sand-covered staircase.
  3430 | Ossuary  | Entered an ossuary
  3629 | D:5      | Noticed Pikel
  3637 | D:5      | Killed Pikel
  4000 | D:6      | Reached XP level 9. HP: 61/74 MP: 8/8
  4023 | D:6      | You fall through a shaft for 3 floors!
  4029 | D:9      | Reached **** piety under Trog
  4245 | D:7      | Reached skill level 1 in Shields
  4322 | D:7      | Found a stormy altar of Qazlal.
  4349 | D:7      | Found a staircase to the Ecumenical Temple.
  5082 | D:8      | Reached skill level 5 in Shields
  5176 | D:8      | Noticed a two-headed ogre
  5185 | D:8      | Killed a two-headed ogre
  5516 | D:8      | Reached skill level 6 in Fighting
  5516 | D:8      | Reached XP level 10. HP: 83/83 MP: 9/9
  5767 | D:9      | Noticed Joseph
  5961 | D:9      | Killed Joseph
  6171 | D:9      | Reached ***** piety under Trog
  6265 | D:10     | Entered Level 10 of the Dungeon
  6336 | D:10     | Reached skill level 10 in Armour
  6622 | D:10     | Got a steaming flail
  6623 | D:10     | Identified the +7 flail "Goppaul" {chaos, +Rage rElec
                  | Str+3} (You found it on level 10 of the Dungeon)
  6648 | D:10     | Reached skill level 10 in Short Blades
  6832 | D:11     | Noticed an orc knight
  6842 | D:11     | Killed an orc knight
  6842 | D:11     | Reached XP level 11. HP: 89/89 MP: 10/10
  6979 | D:11     | Noticed a white ugly thing
  6984 | D:11     | Killed a white ugly thing
  7030 | D:11     | Reached skill level 1 in Evocations
  7085 | D:11     | Noticed a death yak
  7088 | D:11     | Noticed a death yak
  7092 | D:11     | Killed a death yak
  7093 | D:11     | Found a staircase to the Lair.
  7094 | D:11     | Noticed a death yak
  7098 | D:11     | Killed a death yak
  7098 | D:11     | Reached skill level 5 in Evocations
  7111 | D:11     | Killed a death yak
  7338 | Lair:1   | Entered Level 1 of the Lair of Beasts
  7440 | Lair:1   | Noticed Grum
  7447 | Lair:1   | Killed Grum
  7703 | Lair:1   | Noticed a fire dragon
  7715 | Lair:1   | Killed a fire dragon
  7867 | Lair:1   | Reached XP level 12. HP: 96/96 MP: 17/17
  8376 | Lair:2   | Found a staircase to the Snake Pit.
  8432 | Lair:2   | Reached skill level 7 in Fighting
  8535 | Lair:2   | Found a staircase to the Shoals.
  8540 | Lair:2   | Received a gift from Trog
  8540 | Lair:2   | Reached skill level 8 in Fighting
  9091 | Lair:3   | Reached skill level 9 in Fighting
  9159 | Lair:3   | Noticed a death yak
  9159 | Lair:3   | Noticed a five-headed hydra
  9160 | Lair:3   | Noticed a death yak
  9162 | Lair:3   | Noticed a death yak
  9163 | Lair:3   | Noticed a death yak
  9167 | Lair:3   | Lost intelligence.
  9170 | Lair:3   | Gained mutation: You are occasionally teleported next to
                  | monsters. [potion of mutation]
  9170 | Lair:3   | Gained mutation: You are dopey. (Int -2) [potion of
                  | mutation]
  9170 | Lair:3   | Gained mutation: You expend magic power (3 MP) to
                  | strengthen your wands. [potion of mutation]
  9174 | Lair:3   | Killed a five-headed hydra
  9174 | Lair:3   | Reached skill level 10 in Fighting
  9179 | Lair:3   | Killed a death yak
  9182 | Lair:3   | Killed a death yak
  9182 | Lair:3   | Reached skill level 11 in Fighting
  9188 | Lair:3   | Killed a death yak
  9192 | Lair:3   | Killed a death yak
  9323 | Lair:3   | Reached skill level 12 in Fighting
  9337 | Lair:3   | Found a dark tunnel.
  9455 | Lair:3   | Found a gate leading to a gauntlet.
  9535 | Lair:3   | Found a glowing silver altar of Zin.
  9559 | Lair:3   | Noticed Snorg
  9565 | Lair:3   | Killed Snorg
  9565 | Lair:3   | Reached skill level 13 in Fighting
  9565 | Lair:3   | Reached XP level 13. HP: 122/122 MP: 18/18
  9783 | Lair:4   | Received a gift from Trog
  9862 | Lair:4   | Reached skill level 10 in Evocations
 10712 | Lair:5   | Reached skill level 10 in Shields
 10739 | Lair:5   | Reached skill level 1 in Maces & Flails
 10876 | Lair:5   | Reached skill level 5 in Polearms
 11178 | Lair:6   | Entered Level 6 of the Lair of Beasts
 11505 | Lair:6   | Noticed an entropy weaver
 11520 | Lair:6   | Killed an entropy weaver
 11526 | Lair:6   | Noticed an entropy weaver
 11527 | Lair:6   | Received a gift from Trog
 11535 | Lair:6   | Killed an entropy weaver
 11535 | Lair:6   | Reached XP level 14. HP: 101/129 MP: 20/20
 11993 | Lair:6   | Reached skill level 1 in Unarmed Combat
 12078 | Lair:6   | Reached skill level 5 in Unarmed Combat
 12305 | Snake:1  | Entered Level 1 of the Snake Pit
 12536 | Snake:1  | Reached skill level 14 in Fighting
 12837 | Snake:2  | Found Juyxu's Weapon Boutique.
 12841 | Snake:2  | Killed from afar by a shock serpent

Skill      XL: |  1  2  3  4  5  6  7  8  9 10 11 12 13 14 |
---------------+-------------------------------------------+-----
Axes           | 4 5 7 |  7.5
Fighting       | 4 5 6 13 14 | 14.5
Armour         | 4 6 10 | 10.4
Polearms       | 3 4 6 |  6.0
Short Blades   | 2 8 10 11 13 | 13.7
Shields        | 8 9 10 | 10.0
Evocations     | 8 10 | 10.3
Maces & Flails | 3 |  3.2
Unarmed Combat | 6 |  6.0
Dodging        | |  2.1

Action                   |  1- 3 |  4- 6 |  7- 9 | 10-12 | 13-15 || total
-------------------------+-------+-------+-------+-------+-------++-------
Melee: Hand axe          |    49 |    76 |       |       |       ||   125
       Headbutt          |    10 |    21 |    40 |   115 |   138 ||   324
       War axe           |       |    44 |    52 |       |       ||    96
       Rapier            |       |       |   175 |   500 |   446 ||  1121
       Quick blade       |       |       |       |       |     6 ||     6
       Flail             |       |       |       |       |     1 ||     1
Throw: Stone             |       |    10 |       |       |       ||    10
       Tomahawk          |       |       |     1 |     4 |       ||     5
Invok: Berserk           |     1 |     3 |     6 |    10 |    11 ||    31
       Trog's Hand       |       |     2 |     2 |     4 |     8 ||    16
       Brothers in Arms  |       |       |       |     1 |     4 ||     5
Evoke: Wand              |       |       |       |       |     5 ||     5
  Use: Potion            |     2 |     1 |     3 |     7 |     6 ||    19
       Scroll            |       |     6 |     8 |     7 |     2 ||    23
 Stab: Petrified         |       |       |       |       |     8 ||     8
  Eat: Chunk             |     1 |    10 |    14 |    22 |    24 ||    71
       Ration            |       |       |       |     1 |     2 ||     3
Armor: Animal skin       |    10 |     8 |       |       |       ||    18
       Ring mail         |       |    51 |   105 |       |       ||   156
       Plate armour      |       |       |     8 |   204 |   355 ||   567
Dodge: Dodged            |    29 |    85 |   125 |   115 |   150 ||   504
Block: Other             |       |     8 |    15 |       |       ||    23
       Shield            |       |       |    34 |   149 |   112 ||   295
       Reflection        |       |       |     6 |     9 |    12 ||    27
       Buckler           |       |       |       |    74 |   161 ||   235
